 Dungeon Crawl Stone Soup version 0.23-a0-629-gae4348f (webtiles) character file.

161 Matador8 the Poker (level 5, -3/41 HPs)
             Began as a Merfolk Abyssal Knight on Dec 26, 2018.
             Was a Believer of Lugonu.
             Splashed by a jelly's acid (8 damage)
             ... on level 4 of the Dungeon.
             The game lasted 00:12:02 (2419 turns).

Matador8 the Poker (Merfolk Abyssal Knight)         Turns: 2419, Time: 00:12:03

Health: -3/41      AC:  6    Str: 13    XL:     5   Next: 42%
Magic:  7/7        EV: 11    Int: 12    God:    Lugonu [**....]
Gold:   108        SH:  0    Dex: 13    Spells: 4/4 levels left

rFire    . . .     SeeInvis .   v - +0 trident
rCold    . . .     Gourm    .   (no shield)
rNeg     . . .     Faith    .   t - +0 ring mail
rPois    .         Spirit   .   (no helmet)
rElec    .         Reflect  .   w - +0 cloak
rCorr    .         Harm     .   (no gloves)
MR       .....                  (no boots)
Stlth    +.........             (no amulet)
HPRegen  0.13/turn              (no ring)
MPRegen  0.10/turn              (no ring)

@: no status effects
A: change form in water, swift swim, stealthy swim
a: Depart the Abyss, Bend Space, Renounce Religion


You were on level 4 of the Dungeon.
You worshipped Lugonu.
Lugonu was pleased with you.
You were not hungry.

You visited 1 branch of the dungeon, and saw 4 of its levels.
You visited the Abyss 1 time.

You collected 108 gold pieces.

Inventory:

Hand Weapons
 a - a +1 spear
 v - a +0 trident (weapon)
Armour
 b - a +0 leather armour
 e - a +0 scale mail
 t - a +0 ring mail (worn)
 w - a +0 cloak (worn)
Jewellery
 k - an uncursed amulet of the gourmand {unknown}
 s - an uncursed ring of positive energy {unknown}
 u - an uncursed ring of protection from magic {unknown}
Scrolls
 g - a scroll of blinking {unknown}
 i - 2 scrolls of identify {unknown}
 j - a scroll of enchant armour {unknown}
 l - a scroll of immolation {unknown}
 q - a scroll of fog {unknown}
 r - a scroll of fear {unknown}
 x - a scroll of remove curse {unknown}
 y - a scroll of noise {unknown}
Potions
 d - 2 potions of ambrosia {unknown}
 f - 2 potions of curing {unknown}
 h - 3 potions of heal wounds {unknown}
 m - a potion of might {unknown}
 n - a potion of haste {unknown}
 o - a potion of agility {unknown}
 p - a potion of flight {unknown}
Comestibles
 c - 5 rations


   Skills:
 - Level 3.2 Fighting
 * Level 6.8 Polearms
 - Level 0.6 Armour
 - Level 2.6 Dodging
 + Level 3.6 Invocations


You had 4 spell levels left.
You didn't know any spells.
Your spell library was empty.

Dungeon Overview and Level Annotations

Branches:
Dungeon (4/15)
 Temple: D:4-7

Altars:
Dithmenos
Fedhas
Gozag
Zin

Annotations:
D:3 Grinder, Sigmund


Message History

You barely miss the jelly.
The jelly is severely wounded.
The jelly hits you.
You are splashed with acid!
The acid burns!
You hit the jelly.
Your hands burn!
* * * LOW HITPOINT WARNING * * *
The jelly is severely wounded.
The jelly barely misses you.
You hit the jelly but do no damage.
Your hands burn!
* * * LOW HITPOINT WARNING * * *
The jelly is severely wounded.
The jelly barely misses you.
You hit the jelly.
Your hands burn!
* * * LOW HITPOINT WARNING * * *
The jelly is almost dead.
You are no longer corroded.
The jelly jiggles.
The jelly hits you.
* * * LOW HITPOINT WARNING * * *
You are splashed with acid!
The acid burns!
You die...

### ### ### ##### ###.##
..#####.#######...####..>.#
..........................#
................@J.....#####
.........#####.............######
.........# ###...######.......#
.........# #..## #####....
........## #..# ##### ........#
#..# ........# #..# .......##
#..# .......# #..#


You could see a jelly.

Vanquished Creatures
  2 hounds (D:4)
  2 adders (D:2)
  2 oozes (D:4)
  An adder skeleton (D:4)
  3 dart slugs
  4 leopard geckos
  3 giant cockroaches
  7 goblins
  4 hobgoblins
  A jackal (D:2)
  2 quokkas (D:2)
  2 ball pythons
  13 bats
  13 frilled lizards
  3 kobolds (D:1)
  5 rats
67 creatures vanquished.

Notes
Turn   | Place    | Note
-------+----------+-------------------------------------------
     0 | Abyss:1  | Matador8 the Merfolk Abyssal Knight began the quest for the
                  | Orb.
     0 | Abyss:1  | Reached XP level 1. HP: 18/18 MP: 2/2
    65 | Abyss:1  | Noticed a quasit
    67 | D:1      | Escaped the Abyss
   116 | D:1      | Reached * piety under Lugonu
   175 | D:1      | Reached XP level 2. HP: 19/24 MP: 3/3
   220 | D:1      | Reached skill level 4 in Polearms
   574 | D:1      | Reached XP level 3. HP: 13/29 MP: 4/4
   917 | D:2      | Found a shadowy altar of Dithmenos.
  1092 | D:2      | Found a blossoming altar of Fedhas.
  1095 | D:2      | Reached skill level 5 in Polearms
  1138 | D:2      | Found a faded altar of an unknown god.
  1195 | D:2      | Found a glowing silver altar of Zin.
  1195 | D:2      | Found an opulent altar of Gozag.
  1203 | D:2      | Reached ** piety under Lugonu
  1328 | D:2      | Reached XP level 4. HP: 22/35 MP: 6/6
  1719 | D:3      | Noticed Grinder
  1917 | D:3      | Noticed Sigmund
  1979 | D:4      | Reached skill level 6 in Polearms
  2002 | D:4      | Reached XP level 5. HP: 19/41 MP: 7/7
  2419 | D:4      | Splashed by a jelly's acid

Vault maps used:
D:1:      dpeg_arrival_rooms_a
D:2:      lemuel_crystal_altar, grunt_temple_overflow_gold_and_silver,
          old_standard_altar, chequers_ecumenical_altar_simple_redux,
          minmay_pentomino_u4
D:3:      biasface_ghost_orc_armoury, uniq_sigmund, uniq_grinder
D:4:      minmay_temple_entry_glass, first_ration, minmay_pentomino_pile

Skill      XL: |  1  2  3  4 |
---------------+-------------+-----
Polearms       | 4 5 6 |  6.8
Invocations    | 3 |  3.6
Fighting       | |  3.2
Armour         | |  0.6
Dodging        | |  2.6

Action                   |  1- 3 |  4- 6 || total
-------------------------+-------+-------++-------
Melee: Spear             |   137 |    34 ||   171
       Trident           |       |    81 ||    81
Invok: Depart the Abyss  |     1 |       ||     1
  Eat: Chunk             |     1 |     4 ||     5
Armor: Leather armour    |    21 |     3 ||    24
       Ring mail         |       |    32 ||    32
Dodge: Dodged            |    90 |    60 ||   150

Table legend:
 A = Non-vault XP
 B = Vault XP
 C = Vault XP percentage of total XP
 D = Non-vault monster count
 E = Vault monster count
 F = Vault count percentage of total count
                 A         B        C        D         E       F
            +---------+---------+-------+---------+---------+-------
      Total |     167 |      64 |  27.7 |      58 |       9 |  13.4
            +---------+---------+-------+---------+---------+-------
        D:1 |      42 |       0 |   0.0 |      24 |       0 |   0.0
        D:2 |      60 |       8 |  11.8 |      23 |       4 |  14.8
        D:3 |       4 |       0 |   0.0 |       3 |       0 |   0.0
        D:4 |      61 |      56 |  47.9 |       8 |       5 |  38.5
            +---------+---------+-------+---------+---------+-------
